Blackhawks vs Oilers
(R1)
Created - May 15, 2021 at 19:05
Goals
|
| Blackhawks |
0 |
3 |
1 |
1 |
5 |
| Oilers |
0 |
0 |
4 |
0 |
4 |
|
Shots
|
| Blackhawks |
14 |
10 |
6 |
1 |
31 |
| Oilers |
4 |
7 |
21 |
0 |
32 |
|
1st period
No Goal
Penalties :
Brandon Sutter (EDM) for Holding (Minor) at 3:20, Gustav Nyquist (Chi) for Holding (Minor) at 10:11, Darnell Nurse (EDM) for Holding (Minor) at 13:19, James Neal (EDM) for Tripping (Minor) at 18:39
2nd period
1. Blackhawks , Antoine Roussel 1 (Jordan Staal 1) at 9:15
2. Blackhawks , Derick Brassard 1 (Johnny Gaudreau 1, Jordan Staal 2) at 10:19
3. Blackhawks , Garnet Hathaway 1 (Gabriel Bourque 1, Jamie McBain 1) at 15:14
Penalties :
John Carlson (Chi) for Interference (Minor) at 5:04, Darnell Nurse (EDM) for High sticking (Minor) at 11:38
3rd period
4. Oilers , Rasmus Ristolainen 1 (James Neal 1) at 1:26
5. Oilers , Brandon Sutter 1 (James Neal 2) at 2:43
6. Oilers , Brandon Sutter 2 (Rasmus Ristolainen 1, Jordan Eberle 1) at 15:56
7. Oilers , Connor McDavid 1 (Adam Larsson 1) at 16:31
8. Blackhawks , Jordan Staal 1 (Rick Nash 1, Antoine Roussel 1) at 19:26
Penalties :
Adam Larsson (EDM) for Hooking (Minor) at 5:13, Gustav Nyquist (Chi) for Holding (Minor) at 12:01, Tim Connolly (Chi) for Hooking (Minor) at 14:47, Darnell Nurse (EDM) for Interference (Minor) at 15:07
Overtime #1
9. Blackhawks , Patrick Marleau 1 (Gustav Nyquist 1, Tim Connolly 1) at 2:55
Penalties :
Johnny Gaudreau (Chi) for High sticking (Minor) at 0:39
Goalie Stats
Jimmy Howard (Chi), 28 saves from 32 shots - (0.875), W, 1-0-0, 62:26 minutes
James Reimer (EDM), 26 saves from 31 shots - (0.839), OTL, 0-0-1, 62:55 minutes
Players Stats for Blackhawks
Player Name G A P +/- PIM S H SB GA TA FO MP PP MP PK MP
------------------------------------------------------------------------------------
Antoine Roussel 1 1 2 -1 0 1 0 0 1 0 2/2 24:31 4:30 4:47
Blake Wheeler 0 0 0 1 0 0 0 0 0 0 0/0 12:04 0:00 0:00
Derick Brassard 1 0 1 0 0 6 3 0 1 0 11/19 21:55 4:33 4:47
Gabriel Bourque 0 1 1 1 0 1 0 0 0 0 0/0 7:58 0:21 0:32
Garnet Hathaway 1 0 1 1 0 2 0 0 0 0 0/0 7:26 0:21 0:00
Gustav Nyquist 0 1 1 1 4 3 1 0 1 0 0/2 15:06 5:24 0:00
Jamie McBain 0 1 1 -1 0 0 2 0 1 1 0/0 30:33 6:23 4:29
John Carlson 0 0 0 -1 2 0 1 1 1 0 0/0 17:10 3:27 0:00
Johnny Gaudreau 0 1 1 0 2 5 1 1 1 0 0/0 18:03 4:33 0:54
Jordan Staal 1 2 3 -1 0 3 2 0 0 1 14/28 20:15 4:30 0:32
Matthew Spiller 0 0 0 3 0 0 0 2 1 0 0/0 15:15 0:25 3:47
Mike Comrie 0 0 0 1 0 1 1 0 0 0 2/3 10:41 0:21 2:57
Nick Leddy 0 0 0 -1 0 0 2 1 0 1 0/0 17:07 3:27 0:00
Patrick Marleau 1 0 1 1 0 4 2 0 0 0 0/0 12:25 0:51 2:03
Rick Nash 0 1 1 0 0 2 1 1 0 0 2/2 18:04 4:30 0:00
Ryan Whitney 0 0 0 3 0 1 0 1 0 0 0/0 15:15 0:25 3:47
Tim Connolly 0 1 1 1 2 2 2 0 0 0 6/12 10:14 0:51 0:00
Torey Krug 0 0 0 -1 0 0 1 0 0 0 0/0 30:33 6:23 4:29
Players Stats for Oilers
Player Name G A P +/- PIM S H SB GA TA FO MP PP MP PK MP
------------------------------------------------------------------------------------
Adam Larsson 0 1 1 0 2 0 1 2 0 0 0/0 17:13 0:34 4:21
Brandon Sutter 2 0 2 0 2 3 2 0 0 1 11/18 16:35 0:00 1:47
Connor McDavid 1 0 1 1 0 5 2 0 0 1 10/20 14:57 4:51 1:30
Darnell Nurse 0 0 0 -1 6 1 2 0 0 1 0/0 21:08 4:23 3:07
Denis Grebeshkov 0 0 0 -1 0 1 2 0 0 0 0/0 20:03 0:00 4:32
Henrik Zetterberg 0 0 0 -2 0 6 2 0 1 1 7/23 22:39 3:25 5:12
James Neal 0 2 2 -1 2 3 0 0 0 0 0/0 14:54 0:00 1:00
Jordan Eberle 0 1 1 -1 0 2 5 0 2 0 0/1 21:25 3:25 2:31
Kevin Porter 0 0 0 0 0 1 2 0 0 0 1/4 6:20 0:00 0:05
Leon Draisaitl 0 0 0 1 0 1 3 0 0 0 0/0 12:26 3:25 0:09
Nikolai Kulemin 0 0 0 0 0 1 0 0 0 0 0/0 9:36 0:00 2:43
Oscar Klefbom 0 0 0 0 0 0 0 1 0 0 0/0 15:43 3:18 3:14
Pavel Buchnevich 0 0 0 0 0 2 1 0 0 0 0/0 6:13 0:00 0:00
Phil Kessel 0 0 0 0 0 1 3 0 0 0 0/0 13:29 4:51 0:00
Rasmus Ristolainen 1 1 2 0 0 2 0 3 0 0 0/0 24:58 4:58 0:20
Riley Sheahan 0 0 0 -1 0 0 0 0 0 1 1/1 17:43 0:00 4:37
Taylor Hall 0 0 0 -2 0 3 1 0 0 0 1/1 19:18 4:51 0:56
Tobias Enstrom 0 0 0 0 0 0 7 0 0 2 0/0 27:55 3:18 4:56
3 Stars
1 - Jordan Staal (Chi)
2 - Brandon Sutter (EDM)
3 - Patrick Marleau (Chi)
Power Play
Blackhawks - 0 on 6 Attempt(s) - 0.00%
Oilers - 0 on 5 Attempt(s) - 0.00%
Penalty Kill
Blackhawks - 5 on 5 Attempt(s) - 100.00%
- Score 0 goal in Penalty Kill
Oilers - 6 on 6 Attempt(s) - 100.00%
- Score 0 goal in Penalty Kill
Team Stat
Blackhawks - Hits : 19 - Faceoff Wins : 37 - Blocked Shots : 7 - Penalty Minutes : 10
Oilers - Hits : 33 - Faceoff Wins : 31 - Blocked Shots : 6 - Penalty Minutes : 12
Official
Referees : Unknown
Linesman : Unknown
Game Notes
No Game Note
Finance
Level 1 -- Attendance: 5973 (99.55%) -- Ticket Income $657,030
Level 2 -- Attendance: 4151 (83.02%) -- Ticket Income $290,570
Level 3 -- Attendance: 1727 (86.35%) -- Ticket Income $79,442
Level 4 -- Attendance: 3954 (98.85%) -- Ticket Income $118,620
Luxury Box -- Attendance: 1000 (100.00%) -- Ticket Income $180,000
Game was played at the Rogers Arena.
Total Attendance: 16805 (93.36%)
Total Ticket Income: $1,325,662
Other Income: $198,849
Total Income: $1,524,511
Blackhawks
5 vs 5 Forward
Center Left Wing Right Wing Time % Phy DF OF
1 Jordan Staal Antoine Roussel Rick Nash 40 1 2 2
2 Derick Brassard Johnny Gaudreau Blake Wheeler 30 1 2 2
3 Tim Connolly Patrick Marleau Gustav Nyquist 20 1 2 2
4 Mike Comrie Gabriel Bourque Garnet Hathaway 10 1 2 2
5 vs 5 Defense
Defense Defense Time % Phy DF OF
1 Torey Krug Jamie McBain 40 1 2 2
2 John Carlson Nick Leddy 30 1 2 2
3 Matthew Spiller Ryan Whitney 20 1 2 2
4 Torey Krug Jamie McBain 10 1 2 2
PowerPlay Forward
Center Left Wing Right Wing Time % Phy DF OF
1 Derick Brassard Johnny Gaudreau Gustav Nyquist 60 1 2 2
2 Jordan Staal Antoine Roussel Rick Nash 40 1 2 2
PowerPlay Defense
Defense Defense Time % Phy DF OF
1 Torey Krug Jamie McBain 60 1 2 2
2 John Carlson Nick Leddy 40 1 2 2
Penalty Kill 4 Players Forward
Center Wing Time % Phy DF OF
1 Derick Brassard Antoine Roussel 60 1 2 2
2 Mike Comrie Patrick Marleau 40 1 2 2
Penalty Kill 4 Players Defense
Defense Defense Time % Phy DF OF
1 Torey Krug Jamie McBain 60 1 2 2
2 Matthew Spiller Ryan Whitney 40 1 2 2
Penalty Kill - 3 Players Forward
Forward Time % Phy DF OF
1 Derick Brassard 60 1 2 2
2 Mike Comrie 40 1 2 2
Penalty Kill - 3 Players Defense
Defense Defense Time % Phy DF OF
1 Torey Krug Jamie McBain 60 1 2 2
2 Matthew Spiller Ryan Whitney 40 1 2 2
4 vs 4 Forward
Center Wing Time % Phy DF OF
1 Jordan Staal Antoine Roussel 60 1 2 2
2 Derick Brassard Johnny Gaudreau 40 1 2 2
4 vs 4 Defense
Defense Defense Time % Phy DF OF
1 Torey Krug Jamie McBain 60 1 2 2
2 Matthew Spiller Ryan Whitney 40 1 2 2
Last Minutes Offensive
Center Left Wing Right Wing Defense Defense
Jordan Staal Antoine Roussel Rick Nash Torey Krug Jamie McBain
Last Minutes Defensive
Center Left Wing Right Wing Defense Defense
Jordan Staal Antoine Roussel Rick Nash Torey Krug Jamie McBain
Goaltenders
Starting : Jimmy Howard
Backup : Pekka Rinne
Extra Forwards
Normal : Tim Connolly, Mike Comrie, Blake Wheeler - PP : Tim Connolly, Patrick Marleau - PK : Mike Comrie
Extra Defensemen
Normal : Matthew Spiller, Nick Leddy, Torey Krug - PP : Matthew Spiller - PK : Ryan Whitney, Torey Krug
Penalty Shots
Antoine Roussel, Jordan Staal, Derick Brassard, Johnny Gaudreau, Rick Nash
Scratches
Dustin Kohn (Healthy), Craig Cunningham (Healthy)
Oilers
5 vs 5 Forward
Center Left Wing Right Wing Time % Phy DF OF
1 Henrik Zetterberg Taylor Hall Jordan Eberle 40 1 2 2
2 Brandon Sutter James Neal Riley Sheahan 30 1 2 2
3 Connor McDavid Leon Draisaitl Phil Kessel 20 1 2 2
4 Kevin Porter Nikolai Kulemin Pavel Buchnevich 10 1 2 2
5 vs 5 Defense
Defense Defense Time % Phy DF OF
1 Tobias Enstrom Rasmus Ristolainen 40 1 2 2
2 Darnell Nurse Denis Grebeshkov 30 1 2 2
3 Adam Larsson Oscar Klefbom 20 1 2 2
4 Adam Larsson Denis Grebeshkov 10 1 2 2
PowerPlay Forward
Center Left Wing Right Wing Time % Phy DF OF
1 Connor McDavid Taylor Hall Phil Kessel 60 1 2 2
2 Henrik Zetterberg Leon Draisaitl Jordan Eberle 40 1 2 2
PowerPlay Defense
Defense Defense Time % Phy DF OF
1 Darnell Nurse Rasmus Ristolainen 60 1 2 2
2 Oscar Klefbom Tobias Enstrom 40 1 2 2
Penalty Kill 4 Players Forward
Center Wing Time % Phy DF OF
1 Henrik Zetterberg Riley Sheahan 60 1 2 2
2 Brandon Sutter Jordan Eberle 40 1 2 2
Penalty Kill 4 Players Defense
Defense Defense Time % Phy DF OF
1 Adam Larsson Darnell Nurse 60 1 2 2
2 Denis Grebeshkov Tobias Enstrom 40 1 2 2
Penalty Kill - 3 Players Forward
Forward Time % Phy DF OF
1 Henrik Zetterberg 60 1 2 2
2 Jordan Eberle 40 1 2 2
Penalty Kill - 3 Players Defense
Defense Defense Time % Phy DF OF
1 Tobias Enstrom Rasmus Ristolainen 60 1 2 2
2 Darnell Nurse Denis Grebeshkov 40 1 2 2
4 vs 4 Forward
Center Wing Time % Phy DF OF
1 Brandon Sutter Jordan Eberle 60 1 2 2
2 Henrik Zetterberg Riley Sheahan 40 1 2 2
4 vs 4 Defense
Defense Defense Time % Phy DF OF
1 Tobias Enstrom Rasmus Ristolainen 60 1 2 2
2 Darnell Nurse Denis Grebeshkov 40 1 2 2
Last Minutes Offensive
Center Left Wing Right Wing Defense Defense
Henrik Zetterberg Taylor Hall Jordan Eberle Tobias Enstrom Rasmus Ristolainen
Last Minutes Defensive
Center Left Wing Right Wing Defense Defense
Henrik Zetterberg Taylor Hall Jordan Eberle Tobias Enstrom Rasmus Ristolainen
Goaltenders
Starting : James Reimer
Backup : Jonas Gustavsson
Extra Forwards
Normal : Leon Draisaitl, Connor McDavid, Nikolai Kulemin - PP : Leon Draisaitl, Connor McDavid - PK : Nikolai Kulemin
Extra Defensemen
Normal : Adam Larsson, Oscar Klefbom, Darnell Nurse - PP : Adam Larsson - PK : Oscar Klefbom, Darnell Nurse
Penalty Shots
Taylor Hall, Jordan Eberle, Phil Kessel, Riley Sheahan, Henrik Zetterberg
Scratches
Anton Volchenkov (Healthy), Jordan Caron (Healthy), Mike Smith (Healthy)
% Time on Ice - Blackhawks
Lines # - Real PCT - Wanted PCT - Time Play
Normal Forward
1 - 31% - 40% - 13:13
2 - 30% - 30% - 12:31
3 - 22% - 20% - 9:23
4 - 17% - 10% - 7:05
Normal Defense
1 - 40% - 40% - 17:04
2 - 35% - 30% - 14:49
3 - 23% - 20% - 9:38
4 - 2% - 10% - 0:41
PP Forward
1 - 53% - 60% - 5:24
2 - 47% - 40% - 4:51
PP Defense
1 - 66% - 60% - 6:48
2 - 34% - 40% - 3:27
PK Forward
1 - 75% - 60% - 6:13
2 - 25% - 40% - 2:03
PK Defense
1 - 54% - 60% - 4:29
2 - 46% - 40% - 3:47
PK3 Forward
1 - 0% - 60%
2 - 0% - 40%
PK3 Defense
1 - 0% - 60%
2 - 0% - 40%
44 Forward
1 - 96% - 60% - 1:35
2 - 4% - 40% - 0:04
44 Defense
1 - 100% - 60% - 1:39
2 - 0% - 40% - 0:00
Last Minute Offensive - 0:33
Last Minute Defensive - 0:00
Total
Forward - 62:55
Defense - 62:55
|
% Time on Ice - Oilers
Lines # - Real PCT - Wanted PCT - Time Play
Normal Forward
1 - 33% - 40% - 14:03
2 - 32% - 30% - 13:18
3 - 20% - 20% - 8:35
4 - 15% - 10% - 6:13
Normal Defense
1 - 45% - 40% - 18:56
2 - 30% - 30% - 12:29
3 - 19% - 20% - 7:49
4 - 7% - 10% - 2:55
PP Forward
1 - 59% - 60% - 4:51
2 - 41% - 40% - 3:25
PP Defense
1 - 60% - 60% - 4:58
2 - 40% - 40% - 3:18
PK Forward
1 - 76% - 60% - 7:45
2 - 24% - 40% - 2:30
PK Defense
1 - 61% - 60% - 6:15
2 - 39% - 40% - 4:00
PK3 Forward
1 - 0% - 60%
2 - 0% - 40%
PK3 Defense
1 - 0% - 60%
2 - 0% - 40%
44 Forward
1 - 97% - 60% - 1:36
2 - 3% - 40% - 0:03
44 Defense
1 - 88% - 60% - 1:27
2 - 12% - 40% - 0:12
Last Minute Offensive - 0:00
Last Minute Defensive - 0:36
Total
Forward - 62:55
Defense - 62:55
|
Play-by-Play
1st period
0:01 of 1st period - Henrik Zetterberg wins face-off versus Jordan Staal in neutral zone.
0:31 of 1st period - Denis Grebeshkov is hit by Derick Brassard and loses puck.
0:36 of 1st period - Snap shot by Johnny Gaudreau.
0:36 of 1st period - Stopped by James Reimer with a rebound.
0:38 of 1st period - Wrist shot by Johnny Gaudreau.
0:38 of 1st period - Stopped by James Reimer with a rebound.
0:55 of 1st period - Backhand shot by Ryan Whitney.
0:55 of 1st period - Deflect By Patrick Marleau.
0:55 of 1st period - Stopped by James Reimer without a rebound.
0:56 of 1st period - Mike Comrie wins face-off versus Kevin Porter in Oilers zone.
1:44 of 1st period - Icing by Oscar Klefbom.
1:45 of 1st period - Derick Brassard wins face-off versus Henrik Zetterberg in Oilers zone.
1:46 of 1st period - Wrist shot by Johnny Gaudreau.
1:46 of 1st period - Shot Misses the Net.
1:54 of 1st period - Wrist shot by Gustav Nyquist.
1:54 of 1st period - Deflect By Tim Connolly.
1:54 of 1st period - Shot Misses the Net.
1:54 of 1st period - Puck is out of play.
1:55 of 1st period - Brandon Sutter wins face-off versus Tim Connolly in Oilers zone.
2:16 of 1st period - Wrist shot by Tim Connolly.
2:16 of 1st period - Shot Blocked by Rasmus Ristolainen.
2:18 of 1st period - Wrist shot by John Carlson.
2:18 of 1st period - Shot Misses the Net.
2:20 of 1st period - Snap shot by Gustav Nyquist.
2:20 of 1st period - Stopped by James Reimer without a rebound.
2:21 of 1st period - Connor McDavid wins face-off versus Derick Brassard in Oilers zone.
2:58 of 1st period - Wrist shot by Taylor Hall.
2:58 of 1st period - Stopped by Jimmy Howard without a rebound.
2:59 of 1st period - Brandon Sutter wins face-off versus Jordan Staal in Blackhawks zone.
3:02 of 1st period - Snap shot by James Neal.
3:02 of 1st period - Stopped by Jimmy Howard with a rebound.
3:20 of 1st period - Minor Penalty to Brandon Sutter for Holding.
3:21 of 1st period - Derick Brassard wins face-off versus Henrik Zetterberg in Oilers zone.
3:54 of 1st period - Henrik Zetterberg is hit by Jamie McBain and loses puck.
4:47 of 1st period - Jordan Eberle is hit by Rick Nash and loses puck.
5:12 of 1st period - Backhand shot by Nikolai Kulemin.
5:12 of 1st period - Shot Misses the Net.
5:20 of 1st period - Penalty to Brandon Sutter is over, Brandon Sutter is back on ice.
6:58 of 1st period - Wrist shot by Henrik Zetterberg.
6:58 of 1st period - Stopped by Jimmy Howard with a rebound.
8:02 of 1st period - Adam Larsson is hit by Tim Connolly and loses puck.
8:19 of 1st period - Garnet Hathaway is hit by Pavel Buchnevich and loses puck.
8:40 of 1st period - Gabriel Bourque is hit by Jordan Eberle and loses puck.
8:55 of 1st period - Snap shot by Garnet Hathaway.
8:55 of 1st period - Shot Blocked by Rasmus Ristolainen.
8:57 of 1st period - Slapshot by Ryan Whitney.
8:57 of 1st period - Stopped by James Reimer without a rebound.
8:58 of 1st period - Connor McDavid wins face-off versus Jordan Staal in Oilers zone.
9:50 of 1st period - Slapshot by Brandon Sutter.
9:50 of 1st period - Shot Blocked by John Carlson.
10:11 of 1st period - Minor Penalty to Gustav Nyquist for Holding.
10:12 of 1st period - Derick Brassard wins face-off versus Connor McDavid in Blackhawks zone.
10:29 of 1st period - Wrist shot by Connor McDavid.
10:29 of 1st period - Shot Misses the Net.
10:45 of 1st period - Jamie McBain is hit by Jordan Eberle and loses puck.
11:42 of 1st period - Wrist shot by Mike Comrie.
11:42 of 1st period - Stopped by James Reimer with a rebound.
11:45 of 1st period - Icing by Taylor Hall.
11:46 of 1st period - Mike Comrie wins face-off versus Connor McDavid in Oilers zone.
11:55 of 1st period - Torey Krug is hit by Adam Larsson.
12:11 of 1st period - Penalty to Gustav Nyquist is over, Gustav Nyquist is back on ice.
12:14 of 1st period - Off-side.
12:15 of 1st period - Tim Connolly wins face-off versus Brandon Sutter in neutral zone.
12:20 of 1st period - Snap shot by Gustav Nyquist.
12:20 of 1st period - Stopped by James Reimer with a rebound.
12:22 of 1st period - Snap shot by Patrick Marleau.
12:22 of 1st period - Stopped by James Reimer without a rebound.
12:23 of 1st period - Brandon Sutter wins face-off versus Tim Connolly in Oilers zone.
12:34 of 1st period - Wrist shot by Tim Connolly.
12:34 of 1st period - Stopped by James Reimer without a rebound.
12:35 of 1st period - Jordan Staal wins face-off versus Henrik Zetterberg in Oilers zone.
12:44 of 1st period - Snap shot by Jordan Staal.
12:44 of 1st period - Shot Misses the Net.
12:46 of 1st period - Snap shot by Rick Nash.
12:46 of 1st period - Stopped by James Reimer with a rebound.
12:52 of 1st period - Wrist shot by Jordan Staal.
12:52 of 1st period - Stopped by James Reimer with a rebound.
13:19 of 1st period - Minor Penalty to Darnell Nurse for Holding.
13:20 of 1st period - Henrik Zetterberg wins face-off versus Gustav Nyquist in Oilers zone.
13:20 of 1st period - Henrik Zetterberg is hit by Johnny Gaudreau.
15:07 of 1st period - Gustav Nyquist is hit by Jordan Eberle and loses puck.
15:19 of 1st period - Penalty to Darnell Nurse is over, Darnell Nurse is back on ice.
16:05 of 1st period - Wrist shot by Gabriel Bourque.
16:05 of 1st period - Stopped by James Reimer without a rebound.
16:06 of 1st period - Jordan Staal wins face-off versus Connor McDavid in Oilers zone.
16:10 of 1st period - Icing by Rasmus Ristolainen.
16:11 of 1st period - Connor McDavid wins face-off versus Jordan Staal in Oilers zone.
16:11 of 1st period - Connor McDavid is hit by Nick Leddy.
16:43 of 1st period - Snap shot by Derick Brassard.
16:43 of 1st period - Stopped by James Reimer with a rebound.
17:19 of 1st period - Rick Nash is hit by Darnell Nurse and loses puck.
17:26 of 1st period - Slapshot by Pavel Buchnevich.
17:26 of 1st period - Stopped by Jimmy Howard with a rebound.
17:28 of 1st period - Wrist shot by Pavel Buchnevich.
17:28 of 1st period - Shot Misses the Net.
17:40 of 1st period - Gabriel Bourque is hit by Phil Kessel and loses puck.
18:15 of 1st period - Backhand shot by Derick Brassard.
18:15 of 1st period - Stopped by James Reimer without a rebound.
18:16 of 1st period - Rick Nash wins face-off versus Brandon Sutter in Oilers zone.
18:39 of 1st period - Minor Penalty to James Neal for Tripping.
18:40 of 1st period - Henrik Zetterberg wins face-off versus Derick Brassard in Oilers zone.
18:51 of 1st period - Wrist shot by Johnny Gaudreau.
18:51 of 1st period - Shot Misses the Net.
18:53 of 1st period - Snap shot by Gustav Nyquist.
18:53 of 1st period - Shot Misses the Net.
19:07 of 1st period - Antoine Roussel is hit by Jordan Eberle and loses puck.
19:48 of 1st period - Nick Leddy is hit by Jordan Eberle and loses puck.
Goals for this period are 0 for Blackhawks vs 0 for Oilers.
Shots for this period are 14 for Blackhawks vs 4 for Oilers.
2nd period
0:01 of 2nd period - Derick Brassard wins face-off versus Henrik Zetterberg in neutral zone.
0:39 of 2nd period - Penalty to James Neal is over, James Neal is back on ice.
0:48 of 2nd period - Slapshot by Torey Krug.
0:48 of 2nd period - Shot Hit the Post.
0:54 of 2nd period - Wrist shot by Tobias Enstrom.
0:54 of 2nd period - Deflect By James Neal.
0:54 of 2nd period - Shot Misses the Net.
0:54 of 2nd period - Puck is out of play.
0:55 of 2nd period - Jordan Staal wins face-off versus Connor McDavid in Blackhawks zone.
1:50 of 2nd period - Wrist shot by Riley Sheahan.
1:50 of 2nd period - Shot Misses the Net.
1:52 of 2nd period - Snap shot by Brandon Sutter.
1:52 of 2nd period - Shot Blocked by Matthew Spiller.
1:54 of 2nd period - Wrist shot by Brandon Sutter.
1:54 of 2nd period - Deflect By James Neal.
1:54 of 2nd period - Shot Blocked by Matthew Spiller.
1:54 of 2nd period - Puck is out of play.
1:55 of 2nd period - Jordan Staal wins face-off versus Connor McDavid in Blackhawks zone.
1:55 of 2nd period - Jordan Staal is hit by Denis Grebeshkov.
2:00 of 2nd period - Off-side.
2:01 of 2nd period - Jordan Staal wins face-off versus Connor McDavid in neutral zone.
2:14 of 2nd period - Wrist shot by Connor McDavid.
2:14 of 2nd period - Stopped by Jimmy Howard without a rebound.
2:15 of 2nd period - Henrik Zetterberg wins face-off versus Jordan Staal in Blackhawks zone.
2:18 of 2nd period - Slapshot by Jordan Eberle.
2:18 of 2nd period - Stopped by Jimmy Howard without a rebound.
2:19 of 2nd period - Taylor Hall wins face-off versus Jordan Staal in Blackhawks zone.
2:20 of 2nd period - Wrist shot by Henrik Zetterberg.
2:20 of 2nd period - Stopped by Jimmy Howard with a rebound.
2:30 of 2nd period - Snap shot by Taylor Hall.
2:30 of 2nd period - Stopped by Jimmy Howard with a rebound.
2:34 of 2nd period - Snap shot by Henrik Zetterberg.
2:34 of 2nd period - Stopped by Jimmy Howard without a rebound.
2:35 of 2nd period - Riley Sheahan wins face-off versus Derick Brassard in Blackhawks zone.
3:02 of 2nd period - Tobias Enstrom is hit by Jordan Staal and loses puck.
3:25 of 2nd period - Nick Leddy is hit by Leon Draisaitl and loses puck.
3:50 of 2nd period - Snap shot by Pavel Buchnevich.
3:50 of 2nd period - Shot Blocked by Ryan Whitney.
3:52 of 2nd period - Backhand shot by Nikolai Kulemin.
3:52 of 2nd period - Deflect By Pavel Buchnevich.
3:52 of 2nd period - Stopped by Jimmy Howard with a rebound.
3:54 of 2nd period - Wrist shot by Nikolai Kulemin.
3:54 of 2nd period - Shot Misses the Net.
4:08 of 2nd period - Wrist shot by Derick Brassard.
4:08 of 2nd period - Stopped by James Reimer without a rebound.
4:09 of 2nd period - Brandon Sutter wins face-off versus Derick Brassard in Oilers zone.
4:09 of 2nd period - Brandon Sutter is hit by Derick Brassard.
4:17 of 2nd period - Snap shot by Brandon Sutter.
4:17 of 2nd period - Stopped by Jimmy Howard with a rebound.
4:41 of 2nd period - Snap shot by Antoine Roussel.
4:41 of 2nd period - Shot Misses the Net.
5:04 of 2nd period - Minor Penalty to John Carlson for Interference.
5:05 of 2nd period - Derick Brassard wins face-off versus Connor McDavid in Blackhawks zone.
5:33 of 2nd period - Antoine Roussel is hit by Leon Draisaitl and loses puck.
5:45 of 2nd period - Off-side.
5:46 of 2nd period - Connor McDavid wins face-off versus Mike Comrie in neutral zone.
6:05 of 2nd period - Phil Kessel is hit by Derick Brassard and loses puck.
7:04 of 2nd period - Penalty to John Carlson is over, John Carlson is back on ice.
7:10 of 2nd period - Icing by Ryan Whitney.
7:11 of 2nd period - Tim Connolly wins face-off versus Brandon Sutter in Blackhawks zone.
7:13 of 2nd period - Icing by Gustav Nyquist.
7:14 of 2nd period - Brandon Sutter wins face-off versus Gustav Nyquist in Blackhawks zone.
8:04 of 2nd period - Wrist shot by Derick Brassard.
8:04 of 2nd period - Stopped by James Reimer with a rebound.
8:12 of 2nd period - Derick Brassard is hit by Tobias Enstrom and loses puck.
8:27 of 2nd period - Nick Leddy is hit by Kevin Porter and loses puck.
9:09 of 2nd period - Wrist shot by Jordan Staal.
9:09 of 2nd period - Shot Misses the Net.
9:15 of 2nd period - Wrist shot by Antoine Roussel.
9:15 of 2nd period - Goal by Antoine Roussel - Blackhawks : 1 - Oilers : 0.
9:16 of 2nd period - Rick Nash wins face-off versus Henrik Zetterberg in neutral zone.
9:25 of 2nd period - Tobias Enstrom is hit by Jamie McBain and loses puck.
9:42 of 2nd period - Jordan Staal is hit by Leon Draisaitl and loses puck.
10:11 of 2nd period - Snap shot by Johnny Gaudreau.
10:11 of 2nd period - Shot Misses the Net.
10:19 of 2nd period - Snap shot by Derick Brassard.
10:19 of 2nd period - Goal by Derick Brassard - Blackhawks : 2 - Oilers : 0.
10:20 of 2nd period - Derick Brassard wins face-off versus Henrik Zetterberg in neutral zone.
10:41 of 2nd period - Torey Krug is hit by Taylor Hall and loses puck.
11:01 of 2nd period - Snap shot by Taylor Hall.
11:01 of 2nd period - Shot Blocked by Johnny Gaudreau.
11:17 of 2nd period - Slapshot by Johnny Gaudreau.
11:17 of 2nd period - Stopped by James Reimer with a rebound.
11:19 of 2nd period - Snap shot by Johnny Gaudreau.
11:19 of 2nd period - Shot Misses the Net.
11:33 of 2nd period - Slapshot by Derick Brassard.
11:33 of 2nd period - Stopped by James Reimer with a rebound.
11:35 of 2nd period - Wrist shot by Johnny Gaudreau.
11:35 of 2nd period - Stopped by James Reimer without a rebound.
11:36 of 2nd period - Brandon Sutter wins face-off versus Jordan Staal in Oilers zone.
11:38 of 2nd period - Minor Penalty to Darnell Nurse for High sticking.
11:39 of 2nd period - Henrik Zetterberg wins face-off versus Jordan Staal in Oilers zone.
13:37 of 2nd period - Nick Leddy is hit by Brandon Sutter and loses puck.
13:38 of 2nd period - Penalty to Darnell Nurse is over, Darnell Nurse is back on ice.
14:22 of 2nd period - Garnet Hathaway is hit by Kevin Porter.
14:41 of 2nd period - Torey Krug is hit by Brandon Sutter and loses puck.
14:53 of 2nd period - James Neal is hit by Mike Comrie and loses puck.
15:08 of 2nd period - Slapshot by Jamie McBain.
15:08 of 2nd period - Shot Misses the Net.
15:10 of 2nd period - Snap shot by Garnet Hathaway.
15:10 of 2nd period - Stopped by James Reimer with a rebound.
15:12 of 2nd period - Snap shot by Gabriel Bourque.
15:12 of 2nd period - Shot Misses the Net.
15:14 of 2nd period - Slapshot by Garnet Hathaway.
15:14 of 2nd period - Goal by Garnet Hathaway - Blackhawks : 3 - Oilers : 0.
15:15 of 2nd period - Jordan Staal wins face-off versus Henrik Zetterberg in neutral zone.
17:19 of 2nd period - Icing by Taylor Hall.
17:20 of 2nd period - Kevin Porter wins face-off versus Tim Connolly in Oilers zone.
17:45 of 2nd period - Taylor Hall is hit by Nick Leddy and loses puck.
17:56 of 2nd period - Wrist shot by Rick Nash.
17:56 of 2nd period - Shot Misses the Net.
19:12 of 2nd period - Snap shot by Tim Connolly.
19:12 of 2nd period - Shot Misses the Net.
19:20 of 2nd period - Snap shot by Gustav Nyquist.
19:20 of 2nd period - Stopped by James Reimer without a rebound.
19:21 of 2nd period - Brandon Sutter wins face-off versus Derick Brassard in Oilers zone.
19:48 of 2nd period - Antoine Roussel is hit by Henrik Zetterberg and loses puck.
Goals for this period are 3 for Blackhawks vs 0 for Oilers.
Shots for this period are 10 for Blackhawks vs 7 for Oilers.
3rd period
0:01 of 3rd period - Jordan Staal wins face-off versus Henrik Zetterberg in neutral zone.
0:10 of 3rd period - Snap shot by Denis Grebeshkov.
0:10 of 3rd period - Deflect By Jordan Eberle.
0:10 of 3rd period - Stopped by Jimmy Howard with a rebound.
0:12 of 3rd period - Slapshot by Denis Grebeshkov.
0:12 of 3rd period - Stopped by Jimmy Howard without a rebound.
0:13 of 3rd period - Jordan Staal wins face-off versus Henrik Zetterberg in Blackhawks zone.
0:13 of 3rd period - Jordan Staal is hit by Denis Grebeshkov.
0:39 of 3rd period - Antoine Roussel is hit by Phil Kessel and loses puck.
0:46 of 3rd period - Wrist shot by Connor McDavid.
0:46 of 3rd period - Deflect By Leon Draisaitl.
0:46 of 3rd period - Stopped by Jimmy Howard without a rebound.
0:47 of 3rd period - Derick Brassard wins face-off versus Henrik Zetterberg in Blackhawks zone.
1:02 of 3rd period - Wrist shot by Taylor Hall.
1:02 of 3rd period - Deflect By Henrik Zetterberg.
1:02 of 3rd period - Shot Blocked by Nick Leddy.
1:02 of 3rd period - Puck is out of play.
1:03 of 3rd period - Jordan Staal wins face-off versus Brandon Sutter in Blackhawks zone.
1:10 of 3rd period - Slapshot by Rasmus Ristolainen.
1:10 of 3rd period - Stopped by Jimmy Howard without a rebound.
1:11 of 3rd period - Jordan Staal wins face-off versus Brandon Sutter in Blackhawks zone.
1:22 of 3rd period - Wrist shot by James Neal.
1:22 of 3rd period - Stopped by Jimmy Howard with a rebound.
1:24 of 3rd period - Wrist shot by James Neal.
1:24 of 3rd period - Shot Misses the Net.
1:26 of 3rd period - Backhand shot by Rasmus Ristolainen.
1:26 of 3rd period - Goal by Rasmus Ristolainen - Blackhawks : 3 - Oilers : 1.
1:27 of 3rd period - Jordan Staal wins face-off versus Henrik Zetterberg in neutral zone.
1:40 of 3rd period - Wrist shot by Antoine Roussel.
1:40 of 3rd period - Shot Misses the Net.
1:54 of 3rd period - Derick Brassard is hit by Darnell Nurse and loses puck.
2:03 of 3rd period - Wrist shot by Connor McDavid.
2:03 of 3rd period - Stopped by Jimmy Howard with a rebound.
2:05 of 3rd period - Wrist shot by Phil Kessel.
2:05 of 3rd period - Stopped by Jimmy Howard with a rebound.
2:07 of 3rd period - Snap shot by Phil Kessel.
2:07 of 3rd period - Deflect By Derick Brassard.
2:07 of 3rd period - Shot Misses the Net.
2:07 of 3rd period - Puck is out of play.
2:08 of 3rd period - Tim Connolly wins face-off versus Henrik Zetterberg in Blackhawks zone.
2:13 of 3rd period - Rasmus Ristolainen is hit by Patrick Marleau and loses puck.
2:34 of 3rd period - Rick Nash is hit by Tobias Enstrom and loses puck.
2:43 of 3rd period - Snap shot by Brandon Sutter.
2:43 of 3rd period - Goal by Brandon Sutter - Blackhawks : 3 - Oilers : 2.
2:44 of 3rd period - Henrik Zetterberg wins face-off versus Jordan Staal in neutral zone.
3:17 of 3rd period - Icing by Derick Brassard.
3:18 of 3rd period - Derick Brassard wins face-off versus Brandon Sutter in Blackhawks zone.
3:48 of 3rd period - Wrist shot by James Neal.
3:48 of 3rd period - Stopped by Jimmy Howard with a rebound.
4:28 of 3rd period - Slapshot by Derick Brassard.
4:28 of 3rd period - Shot Blocked by Oscar Klefbom.
5:13 of 3rd period - Minor Penalty to Adam Larsson for Hooking.
5:14 of 3rd period - Jordan Staal wins face-off versus Henrik Zetterberg in Oilers zone.
5:50 of 3rd period - Rick Nash is hit by Henrik Zetterberg and loses puck.
6:12 of 3rd period - Torey Krug is hit by Connor McDavid and loses puck.
6:53 of 3rd period - Oscar Klefbom is hit by Gustav Nyquist and loses puck.
7:13 of 3rd period - Penalty to Adam Larsson is over, Adam Larsson is back on ice.
7:38 of 3rd period - Gustav Nyquist is hit by Phil Kessel and loses puck.
8:39 of 3rd period - Denis Grebeshkov is hit by Tim Connolly.
9:57 of 3rd period - Kevin Porter is hit by Patrick Marleau and loses puck.
10:05 of 3rd period - Icing by Tobias Enstrom.
10:06 of 3rd period - Antoine Roussel wins face-off versus Kevin Porter in Oilers zone.
10:13 of 3rd period - Slapshot by Rasmus Ristolainen.
10:13 of 3rd period - Shot Blocked by Rick Nash.
10:17 of 3rd period - Snap shot by Nikolai Kulemin.
10:17 of 3rd period - Stopped by Jimmy Howard with a rebound.
10:19 of 3rd period - Wrist shot by Pavel Buchnevich.
10:19 of 3rd period - Shot Misses the Net.
10:21 of 3rd period - Slapshot by Kevin Porter.
10:21 of 3rd period - Stopped by Jimmy Howard without a rebound.
10:22 of 3rd period - Derick Brassard wins face-off versus Henrik Zetterberg in Blackhawks zone.
11:04 of 3rd period - Snap shot by Johnny Gaudreau.
11:04 of 3rd period - Stopped by James Reimer without a rebound.
11:05 of 3rd period - Jordan Staal wins face-off versus Brandon Sutter in Oilers zone.
11:06 of 3rd period - Slapshot by Jamie McBain.
11:06 of 3rd period - Shot Misses the Net.
11:10 of 3rd period - Slapshot by Jordan Staal.
11:10 of 3rd period - Shot Blocked by Adam Larsson.
11:12 of 3rd period - Snap shot by Jordan Staal.
11:12 of 3rd period - Shot Misses the Net.
11:14 of 3rd period - Slapshot by Jordan Staal.
11:14 of 3rd period - Shot Blocked by Adam Larsson.
11:16 of 3rd period - Snap shot by Rick Nash.
11:16 of 3rd period - Stopped by James Reimer without a rebound.
11:17 of 3rd period - Brandon Sutter wins face-off versus Jordan Staal in Oilers zone.
11:44 of 3rd period - Jamie McBain is hit by Tobias Enstrom and loses puck.
12:01 of 3rd period - Minor Penalty to Gustav Nyquist for Holding.
12:02 of 3rd period - Connor McDavid wins face-off versus Derick Brassard in Blackhawks zone.
12:07 of 3rd period - Wrist shot by Connor McDavid.
12:07 of 3rd period - Stopped by Jimmy Howard with a rebound.
13:03 of 3rd period - Snap shot by Patrick Marleau.
13:03 of 3rd period - Stopped by James Reimer without a rebound.
13:04 of 3rd period - Derick Brassard wins face-off versus Henrik Zetterberg in Oilers zone.
13:41 of 3rd period - Snap shot by Henrik Zetterberg.
13:41 of 3rd period - Stopped by Jimmy Howard with a rebound.
13:43 of 3rd period - Wrist shot by Leon Draisaitl.
13:43 of 3rd period - Shot Misses the Net.
13:45 of 3rd period - Slapshot by Jordan Eberle.
13:45 of 3rd period - Shot Misses the Net.
14:01 of 3rd period - Penalty to Gustav Nyquist is over, Gustav Nyquist is back on ice.
14:35 of 3rd period - Off-side.
14:36 of 3rd period - Tim Connolly wins face-off versus Kevin Porter in neutral zone.
14:44 of 3rd period - Tobias Enstrom is hit by John Carlson and loses puck.
14:47 of 3rd period - Minor Penalty to Tim Connolly for Hooking.
14:48 of 3rd period - Connor McDavid wins face-off versus Derick Brassard in Blackhawks zone.
14:49 of 3rd period - Wrist shot by Taylor Hall.
14:49 of 3rd period - Stopped by Jimmy Howard without a rebound.
14:50 of 3rd period - Derick Brassard wins face-off versus Connor McDavid in Blackhawks zone.
15:07 of 3rd period - Minor Penalty to Darnell Nurse for Interference.
15:08 of 3rd period - Jordan Staal wins face-off versus Jordan Eberle in Oilers zone.
15:13 of 3rd period - Backhand shot by Jordan Staal.
15:13 of 3rd period - Deflect By Antoine Roussel.
15:13 of 3rd period - Shot Blocked by Rasmus Ristolainen.
15:13 of 3rd period - Puck is out of play.
15:14 of 3rd period - Brandon Sutter wins face-off versus Jordan Staal in Oilers zone.
15:37 of 3rd period - Torey Krug is hit by Tobias Enstrom and loses puck.
15:56 of 3rd period - Wrist shot by Brandon Sutter.
15:56 of 3rd period - Goal by Brandon Sutter - Blackhawks : 3 - Oilers : 3.
15:57 of 3rd period - Brandon Sutter wins face-off versus Jordan Staal in neutral zone.
16:00 of 3rd period - Jamie McBain is hit by Tobias Enstrom and loses puck.
16:31 of 3rd period - Wrist shot by Connor McDavid.
16:31 of 3rd period - Goal by Connor McDavid - Blackhawks : 3 - Oilers : 4.
16:32 of 3rd period - Brandon Sutter wins face-off versus Jordan Staal in neutral zone.
16:47 of 3rd period - Penalty to Tim Connolly is over, Tim Connolly is back on ice.
17:07 of 3rd period - Penalty to Darnell Nurse is over, Darnell Nurse is back on ice.
17:13 of 3rd period - Jamie McBain is hit by Tobias Enstrom and loses puck.
17:18 of 3rd period - Snap shot by Henrik Zetterberg.
17:18 of 3rd period - Deflect By Jordan Staal.
17:18 of 3rd period - Stopped by Jimmy Howard with a rebound.
17:20 of 3rd period - Slapshot by Tobias Enstrom.
17:20 of 3rd period - Shot Misses the Net.
17:22 of 3rd period - Wrist shot by Henrik Zetterberg.
17:22 of 3rd period - Stopped by Jimmy Howard without a rebound.
17:23 of 3rd period - Connor McDavid wins face-off versus Tim Connolly in Blackhawks zone.
17:38 of 3rd period - Snap shot by Tim Connolly.
17:38 of 3rd period - Stopped by James Reimer with a rebound.
18:21 of 3rd period - Wrist shot by Kevin Porter.
18:21 of 3rd period - Shot Misses the Net.
18:23 of 3rd period - Slapshot by Darnell Nurse.
18:23 of 3rd period - Stopped by Jimmy Howard without a rebound.
18:24 of 3rd period - Connor McDavid wins face-off versus Tim Connolly in Blackhawks zone.
18:27 of 3rd period - Snap shot by Connor McDavid.
18:27 of 3rd period - Stopped by Jimmy Howard without a rebound.
18:28 of 3rd period - Tim Connolly wins face-off versus Connor McDavid in Blackhawks zone.
18:46 of 3rd period - Tim Connolly is hit by Tobias Enstrom and loses puck.
18:57 of 3rd period - Blackhawks, Jimmy Howard is pulled from the net.
18:57 of 3rd period - Slapshot by Torey Krug.
18:57 of 3rd period - Shot Misses the Net.
18:59 of 3rd period - Wrist shot by Antoine Roussel.
18:59 of 3rd period - Shot Misses the Net.
19:01 of 3rd period - Snap shot by Jordan Staal.
19:01 of 3rd period - Deflect By Henrik Zetterberg.
19:01 of 3rd period - Stopped by James Reimer without a rebound.
19:02 of 3rd period - John Tortorella call a timeout for Blackhawks.
19:02 of 3rd period - Henrik Zetterberg wins face-off versus Jordan Staal in Oilers zone.
19:02 of 3rd period - Henrik Zetterberg is hit by Torey Krug.
19:24 of 3rd period - Snap shot by Rick Nash.
19:24 of 3rd period - Shot Hit the Post.
19:26 of 3rd period - Snap shot by Jordan Staal.
19:26 of 3rd period - Goal by Jordan Staal - Blackhawks : 4 - Oilers : 4.
19:26 of 3rd period - Jimmy Howard from Blackhawks was sent back in the game.
19:27 of 3rd period - Tim Connolly wins face-off versus Connor McDavid in neutral zone.
19:29 of 3rd period - Off-side.
19:30 of 3rd period - Connor McDavid wins face-off versus Tim Connolly in neutral zone.
19:33 of 3rd period - Gustav Nyquist is hit by Connor McDavid and loses puck.
Goals for this period are 1 for Blackhawks vs 4 for Oilers.
Shots for this period are 6 for Blackhawks vs 21 for Oilers.
Overtime #1
0:01 of 1st overtime period - Antoine Roussel wins face-off versus Henrik Zetterberg in neutral zone.
0:39 of 1st overtime period - Minor Penalty to Johnny Gaudreau for High sticking.
0:40 of 1st overtime period - Connor McDavid wins face-off versus Derick Brassard in Blackhawks zone.
2:17 of 1st overtime period - Darnell Nurse is hit by Jordan Staal and loses puck.
2:39 of 1st overtime period - Penalty to Johnny Gaudreau is over, Johnny Gaudreau is back on ice.
2:55 of 1st overtime period - Slapshot by Patrick Marleau.
2:55 of 1st overtime period - Goal by Patrick Marleau - Blackhawks : 5 - Oilers : 4.
Goals for this period are 1 for Blackhawks vs 0 for Oilers.
Shots for this period are 1 for Blackhawks vs 0 for Oilers.